 Dungeon Crawl Stone Soup version 0.28.0-43-g3370ac3207 (webtiles) character file.

Game seed: 14503118431435063361

165 funkygono the Firebug (level 5, -6/35 HPs)
             Began as a Demonspawn Fire Elementalist on Mar 17, 2022.
             Mangled by Terence
             ... wielding a +0 flail
              (7 damage)
             ... on level 2 of the Dungeon.
             The game lasted 00:05:35 (4011 turns).

funkygono the Firebug (DsFE)                        Turns: 4011, Time: 00:05:35

Health: -6/35      AC:  6    Str:  8    XL:     5   Next: 22%
Magic:  1/9        EV: 12    Int: 18    God:
Gold:   178        SH:  4    Dex: 14    Spells: 0/10 levels left

rFire   . . .      SeeInvis .   b - +0 whip
rCold   . . .      Faith    .   (no shield)
rNeg    . . .      Spirit   .   a - +0 robe
rPois   .          Reflect  .   g - +2 helmet
rElec   .          Harm     .   (no cloak)
rCorr   .          Rampage  .   (no gloves)
Will    .....                   k - +0 pair of boots
Stlth   ++........              (no amulet)
HPRegen 0.11/turn               d - ring of flight
MPRegen 0.11/turn               (no ring)

@: flying
A: hooves 2, condensation shield, weakness stinger 1
a: no special abilities


You were on level 2 of the Dungeon.
You visited 1 branch of the dungeon, and saw 3 of its levels.

You collected 178 gold pieces.

Inventory:

Hand Weapons
 b - a +0 whip (weapon)
Missiles
 c - 47 stones
Armour
 a - a +0 robe (worn)
 g - a +2 helmet (worn)
 k - a +0 pair of boots (worn)
Jewellery
 d - a ring of flight (left hand)
Scrolls
 e - 4 scrolls of identify {unknown}
 l - a scroll of enchant weapon {unknown}
 n - a scroll of brand weapon {unknown}
Potions
 f - a potion of cancellation {unknown}
 h - a potion of lignification {unknown}
 i - 2 potions of attraction {unknown}
 j - a potion of magic {unknown}
 m - a potion of brilliance {unknown}


   Skills:
 + Level 0.2 Fighting
 + Level 2.1 Dodging
 - Level 1.7 Stealth
 * Level 3.3 Spellcasting
 * Level 2.2 Conjurations
 * Level 4.0 Fire Magic


You couldn't memorise any spells.
You knew the following spells:

 Your Spells              Type           Power      Damage    Failure   Level
a - Foxfire               Conj/Fire      56%        2x1d6     4%          1
b - Scorch                Fire           34%        2d6       4%          2
c - Conjure Flame         Conj/Fire      14%        6-21      13%         3
d - Flame Wave            Conj/Fire      14%        2d6       41%         4

Your spell library contained the following spells:

 Spells                   Type           Power      Damage    Failure   Level
 Magic Dart               Conj           44%        1d5       6%          1
 Sandblast                Erth           4%         2d4       16%         1
 Inner Flame              Hex/Fire       10%        N/A       21%         3
 Call Imp                 Summ           2%         N/A       24%         2
 Passwall                 Tmut/Erth      1%         N/A       24%         2
 Stone Arrow              Conj/Erth      14%        3d7       30%         3
 Mephitic Cloud           Conj/Pois/Air  5%         N/A       34%         3


Dungeon Overview and Level Annotations

Branches:
Dungeon (3/15)

Altars:
Nemelex Xobeh

Annotations:
D:2 Terence


Innate Abilities, Weirdness & Mutations

You have hoof-like feet.
A meltable shield of frost defends you. (SH +4)
You have a small tail.


Message History

Terence screams, "I'm going to kill you!"
Terence barely misses you.
You closely miss Terence.
Terence is heavily wounded.
The foxfire hits Terence but does no damage.
Terence is heavily wounded.
Terence hits you with a +0 flail.
Unknown command.
You hit Terence.
Terence is severely wounded.
Terence barely misses you.
You hit Terence but do no damage.
Terence is severely wounded.
Terence closely misses you.
Casting: Foxfire (safe; 4% risk of failure)
Confirm with . or Enter, or press ? or * to list all spells.
You conjure some foxfire!
Terence hits you with a +0 flail.
Unknown command.
You hit Terence but do no damage.
Terence is severely wounded.
The foxfire hits Terence but does no damage.
Terence is severely wounded.
The foxfire hits Terence.
Terence is severely wounded.
Terence barely misses you.
You hit Terence.
Terence is almost dead.
Terence hits you with a +0 flail.
* * * LOW HITPOINT WARNING * * *
You hit Terence but do no damage.
Terence is almost dead.
Terence hits you with a +0 flail!
* * * LOW HITPOINT WARNING * * *
You hit Terence but do no damage.
Terence is almost dead.
Terence hits you but does no damage.
You hit Terence.
Terence is almost dead.
Terence hits you with a +0 flail!
You die...

.##.............# #.#.#.#.# ##.#
###...#..##..#..# #.#.#.#.# #..#
# #...#..##.##.)####.#.#.#.###.##
# #...#..#..##.......#.#.........
########.##.##..####.#.#...###.##
.........##..#..#................
#########.......#.####.##.#######
............#.#@#.####.##.# #
########........@....>.##.### #
.....# #..#.....†########...#####
###.## #..#..#.#.# #.#.)...#
....####..#......########.#####.#
..........#..#.#..........# #.#
#########.#......#####.#### #.# #
#.......## #.# #.. ## ###..##.#
#.## ###
.###########....######..#########


You could see Terence.

Vanquished Creatures
  Robin (D:2)
  2 gnolls
  5 adders
  3 worms
  A dart slug (D:2)
  8 endoplasms
  6 giant cockroaches
  10 hobgoblins
  4 jackals (D:2)
  4 quokkas
  4 ball pythons
  6 bats
  2 frilled lizards
  10 goblins
  4 kobolds
  5 rats
75 creatures vanquished.

Vanquished Creatures (others)
  203 foxfires
203 creatures vanquished.

Grand Total: 278 creatures vanquished

Notes
Turn   | Place    | Note
-------+----------+-------------------------------------------
     0 | D:1      | funkygono the Demonspawn Fire Elementalist began the quest
                  | for the Orb.
     0 | D:1      | Reached XP level 1. HP: 13/13 MP: 3/3
   215 | D:1      | Reached skill level 3 in Fire Magic
   427 | D:1      | Discovered your monstrous ancestry.
   427 | D:1      | Gained mutation: You have large cloven feet. [demonic
                  | ancestry]
   427 | D:1      | Reached XP level 2. HP: 19/19 MP: 3/5
   523 | D:1      | Found a faded altar of an unknown god.
   988 | D:1      | Gained mutation: A meltable shield of frost defends you.
                  | (SH +4) [demonic ancestry]
   988 | D:1      | Reached XP level 3. HP: 24/24 MP: 3/6
   997 | D:1      | Learned a level 2 spell: Scorch
  1001 | D:1      | Learned a level 3 spell: Conjure Flame
  1674 | D:2      | Noticed Robin
  1783 | D:2      | Killed Robin
  2182 | D:2      | Gained mutation: You have hoof-like feet. [demonic
                  | ancestry]
  2182 | D:2      | Reached XP level 4. HP: 30/30 MP: 4/8
  3179 | D:2      | Found a sparkling altar of Nemelex Xobeh.
  3672 | D:3      | Gained mutation: You have a small tail. [demonic ancestry]
  3672 | D:3      | Reached XP level 5. HP: 35/35 MP: 1/9
  3674 | D:3      | Noticed Terence
  3902 | D:3      | Reached skill level 4 in Fire Magic
  3991 | D:2      | Learned a level 4 spell: Flame Wave
  4009 | D:2      | HP: 1/35 [Terence/+0 flail (7)]
  4011 | D:2      | Mangled by Terence

Illustrated notes

Levels and vault maps discovered:
D:1:      lightli_arrival_farm, layout_loops_ring,
          dreamdust_ecumenical_altar_angels_and_demons, grunt_decor_cap
D:2:      minmay_thinvault, layout_loops_ring, basic_altar,
          serial_co_window_serial, co_window_paths_a, co_window_paths_a,
          co_window_corner_a, co_window_paths_a, co_window_paths_b,
          co_window_of_opportunity_b, co_window_paths_c, co_window_paths_c,
          co_window_corner_b, glass_columns_a, glass_columns_a, glass_columns_b,
          uniq_robin
D:3:      layout_loops_ring, gammafunk_ghost_necromancy, uniq_terence

Skill      XL: |  1  2  3  4  5 |
---------------+----------------+-----
Fire Magic     | 3 4 |  4.0
Dodging        | 2 |  2.1
Spellcasting   | 3 |  3.3
Conjurations   | 2 |  2.2
Fighting       | |  0.2
Stealth        | |  1.7

Action                   |  1- 3 |  4- 6 || total
-------------------------+-------+-------++-------
Melee: Whip              |       |    13 ||    13
       Punch             |       |     1 ||     1
 Cast: Foxfire           |    68 |    61 ||   129
       Scorch            |    12 |    18 ||    30
Armor: Robe              |     5 |    13 ||    18
Dodge: Dodged            |    10 |    24 ||    34
Block: Other             |     3 |     2 ||     5
